 Dungeon Sprint DCSS version 0.21-a0-91-ga5031da (webtiles) character file.

133 Kidiri the Insei (level 4, -3/38 HPs)
             Began as a Draconian Transmuter on June 28, 2017.
             Was an Initiate of Wu Jian.
             Slain by a human
             ... wielding a +0 hand axe
              (10 damage)
             ... in the Dungeon (Sprint III: "The Ten Rune Challenge").
             The game lasted 00:03:33 (486 turns).

Kidiri the Insei (Draconian Transmuter)              Turns: 486, Time: 00:03:34

Health: -3/38      AC:  2    Str: 12      XL:     4   Next: 94%
Magic:  6/9        EV: 22    Int: 15      God:    Wu Jian [......]
Gold:   21         SH:  0    Dex: 16 (18) Spells: 3/9 levels left

rFire    . . .     SeeInvis .     - Unarmed
rCold    . . .     Gourm    .   (shield currently unavailable)
rNeg     . . .     Faith    .   (armour unavailable)
rPois    x         Spirit   .   (helmet currently unavailable)
rElec    .         Reflect  .   (cloak currently unavailable)
rCorr    .         Harm     .   (gloves currently unavailable)
MR       .....     NoTele   +   (boots currently unavailable)
Stlth    ++........             (no amulet)
HPRegen  0.12/turn              (no ring)
MPRegen  0.11/turn              (no ring)

@: spider-form, very slightly contaminated
A: unfitting armour, blink, clever 1, deterioration 1, AC +5
a: End Transformation, Blink, Renounce Religion


You were in the Dungeon.
You worshipped Wu Jian.
Wu Jian was noncommittal.
You were not hungry.
You were a venomous arachnid creature.
You visited 1 branch You collected 21 gold pieces.

Inventory:

Missiles
 a - 26 arrows
Armour
 l - a +0 cloak (melded)
Scrolls
 n - a scroll of holy word {unknown}
 o - a scroll of enchant weapon {unknown}
 p - a scroll of remove curse
 s - a scroll of immolation {unknown}
 t - a scroll of fear {unknown}
Potions
 d - a potion of curing
 f - a potion of haste
 g - 2 potions of magic
 j - 2 potions of ambrosia
 r - a potion of flight {unknown}
 v - a potion of cancellation {unknown}
Books
 b - a book of Changes

   Spells                             Type                      Level
   a - Beastly Appendage              Transmutation                1
   b - Sticks to Snakes               Transmutation                2
   c - Spider Form                    Transmutation/Poison         3
   d - Ice Form                       Ice/Transmutation            4
   e - Blade Hands                    Transmutation                5
Comestibles
 c - a bread ration
 q - a meat ration
 u - 3 fruits


   Skills:
 + Level 3.4 Fighting
 * Level 4.5 Dodging
 + Level 2.1 Stealth
 * Level 5.4 Unarmed Combat
 + Level 3.4 Spellcasting
 * Level 5.0 Transmutations
 + Level 2.0 Poison Magic


You had 3 spell levels left.
You knew the following spells:

 Your Spells              Type           Power        Failure   Level  Hunger
a - Beastly Appendage     Tmut           ###...       9%          1    None
b - Sticks to Snakes      Tmut           ###.....     12%         2    ##.....
c - Spider Form           Tmut/Pois      ##........   30%         3    ###....


Dungeon Overview and Level Annotations

Branches:
Dungeon (1/1)

Altars:
Okawaru
Trog
Uskayaw
Wu Jian
Beogh


Innate Abilities, Weirdness & Mutations

((Your plain brown scales are hard. (AC +5)))
You cannot fit into any form of body armour.
((You are cold-blooded and may be slowed by cold attacks.))
You can translocate small distances at will.
Your mind is acute. (Int +2)
Your body sometimes deteriorates upon taking damage.


Message History

The human closely misses you.
The human is no longer berserk.
Casting: Spider Form
Confirm with . or Enter, or press ? or * to list all spells.
You turn into a venomous arachnid creature.
Your +0 cloak melds into your body.
The human hits you with a hand axe.
* * * LOW HITPOINT WARNING * * *
Unknown command.
The human misses you.
You hit the human.
The human is lightly wounded.
The human hits you with a hand axe.
* * * LOW HITPOINT WARNING * * *
Unknown command.
You hit the human but do no damage.
The human is poisoned.
The human is lightly wounded.
You barely miss the human.
The human is moderately wounded.
The human hits you with a hand axe!
You die...

▓.....#....≈.♣♣♣..###+#
▓.....#...≈≈♣.♣♣..#....
▓....)#).≈≈≈≈..♣♣.'.⌠p.
▓####'#..≈≈≈≈≈≈...#...#
▓..)..#.≈≈≈≈≈≈....#.⌠.#
▓.....#.≈≈≈≈≈.....#...#
▓.....#.≈≈≈.......#+###
▓'#####p..........#
▓.....sp..........#
▓▓▓▓▓▓▓▓▓▓▓▓▓▓▓▓▓▓▓


You could see 2 humans.

Vanquished Creatures
  A water elemental (D)
  Crazy Yiuf (D)
  Jessica (D)
  A human (D)
  An ooze (D)
  A rat (D)
6 creatures vanquished.

Vanquished Creatures (others)
  2 draconian scorchers (D)
  6 hellions (D)
  2 plants (D)
10 creatures vanquished.

Grand Total: 16 creatures vanquished

Notes
Turn   | Place    | Note
-------+----------+-------------------------------------------
     0 | D        | Kidiri the Draconian Transmuter began the quest for the Orb.
     0 | D        | Reached XP level 1. HP: 16/16 MP: 3/3
    63 | D        | Noticed Jessica
    66 | D        | Killed Jessica
    66 | D        | Reached XP level 2. HP: 25/25 MP: 2/5
    66 | D        | Reached XP level 3. HP: 30/30 MP: 2/7
    77 | D        | Learned a level 2 spell: Sticks to Snakes
    81 | D        | Learned a level 3 spell: Spider Form
    90 | D        | Killed a hellion
    94 | D        | Killed a hellion
   146 | D        | Killed a hellion
   146 | D        | Killed a hellion
   155 | D        | Killed a hellion
   168 | D        | Killed a white draconian scorcher
   212 | D        | Noticed Crazy Yiuf
   219 | D        | Killed Crazy Yiuf
   219 | D        | Reached skill level 1 in Stealth
   219 | D        | Reached skill level 1 in Poison Magic
   219 | D        | Reached XP level 4. HP: 32/37 MP: 4/8
   220 | D        | Killed a hellion
   248 | D        | Gained mutation: Your spells are a little easier to cast, but a little less powerful. [potion of mutation]
   248 | D        | Gained mutation: Your flesh is cold resistant. (rC+) [potion of mutation]
   248 | D        | Killed a white draconian scorcher
   249 | D        | Lost mutation: Your spells are a little easier to cast, but a little less powerful. [potion of mutation]
   249 | D        | Lost mutation: Your flesh is cold resistant. (rC+) [potion of mutation]
   249 | D        | Gained mutation: Scrolls take you a little longer to read. [potion of mutation]
   249 | D        | Gained mutation: Your mind is acute. (Int +2) [potion of mutation]
   250 | D        | Lost mutation: Your mind is acute. (Int +2) [potion of mutation]
   250 | D        | Lost mutation: Scrolls take you a little longer to read. [potion of mutation]
   250 | D        | Gained mutation: Your body sometimes deteriorates upon taking damage. [potion of mutation]
   250 | D        | Gained mutation: You can translocate small distances at will. [potion of mutation]
   250 | D        | Gained mutation: Your mind is acute. (Int +2) [potion of mutation]
   276 | D        | Noticed a water elemental
   293 | D        | Killed a water elemental
   293 | D        | Reached skill level 5 in Unarmed Combat
   293 | D        | Reached skill level 5 in Transmutations
   460 | D        | Found an ornate altar of the Wu Jian Council.
   460 | D        | Found a roughly hewn altar of Beogh.
   460 | D        | Found an iron altar of Okawaru.
   460 | D        | Found a bloodstained altar of Trog.
   460 | D        | Found a hide-covered altar of Uskayaw.
   460 | D        | Noticed a human
   461 | D        | Noticed a human
   463 | D        | Became a worshipper of the Wu Jian Council
   486 | D        | Slain by a human

Vault maps used:
D:        dungeon_sprint_mu

Skill      XL: |  1  2  3  4 |
---------------+-------------+-----
Dodging        | 3 4 |  4.5
Fighting       | 2 3 |  3.4
Unarmed Combat | 4 5 |  5.4
Transmutations | 3 4 5 |  5.0
Stealth        | 1 2 |  2.1
Spellcasting   | 3 |  3.4
Poison Magic   | 1 2 |  2.0

Action                   |  1- 3 |  4- 6 || total
-------------------------+-------+-------++-------
Melee: Unarmed           |    25 |    11 ||    36
       Headbutt          |     1 |       ||     1
 Cast: Beastly Appendage |     2 |       ||     2
       Spider Form       |     2 |     3 ||     5
  Use: Potion            |       |     6 ||     6
       Scroll            |       |     2 ||     2
 Stab: Sleeping          |       |     1 ||     1
Armor: Skin              |     2 |       ||     2
Dodge: Dodged            |    11 |    11 ||    22
